 Dungeon Crawl Stone Soup version 0.19.4-12-gccf7e64 (console) character file.

281 Grinner the Shield-Bearer (level 6, 0/59 HPs)
             Began as a Troll Fighter on Feb 27, 2017.
             Killed from afar by Blork the orc (4 damage)
             ... with a magic dart
             ... on level 3 of the Dungeon.
             The game lasted 00:04:25 (2004 turns).

Grinner the Shield-Bearer (Troll Fighter)           Turns: 2004, Time: 00:04:26

Health: 0/59       AC:  5    Str: 26    XL:     6   Next: 6%
Magic:  5/5        EV:  8    Int:  5    God:
Gold:   24         SH:  9    Dex:  9    Spells: 1 memorised, 4 levels left

rFire  . . .     SeeInvis .       - Unarmed
rCold  + . .     Gourm    +     a - +0 robe
rNeg   . . .     Faith    .     b - +0 shield
rPois  +         Spirit   .     (helmet restricted)
rElec  .         Reflect  .     (no cloak)
rCorr  .         Harm     .     (gloves unavailable)
MR     .....                    (boots unavailable)
Stlth  +.........               (no amulet)
                                (no ring)
                                (no ring)

@: no status effects
A: unfitting armour, claws 3, blink, cold resistance 1, fast metabolism 3,
gourmand, poison resistance, regeneration 1, shaggy fur 1, tough skin 2
a: Blink


You were on level 3 of the Dungeon.
You were not hungry.

You visited 1 branch of the dungeon, and saw 3 of its levels.

You collected 24 gold pieces.

Inventory:

Armour
 a - a +0 robe (worn)
 b - a +0 shield (worn)
Scrolls
 c - a scroll of blinking {unknown}
 f - a scroll of identify
 g - a scroll of noise
 i - a scroll of enchant weapon {unknown}
 n - 2 scrolls of remove curse
Potions
 h - a potion of magic
 l - a potion of haste
 m - a potion of mutation
Books
 k - a book of Misfortune

   Spells                             Type                      Level
   a - Confusing Touch                Hexes                        1
   b - Confuse                        Hexes                        3
   c - Gell's Gravitas                Hexes/Translocation          3
   d - Petrify                        Transmutation/Earth          4
   e - Metabolic Englaciation         Hexes/Ice                    5
   f - Yara's Violent Unravelling     Hexes/Transmutation          5
Comestibles
 d - a bread ration
 j - 3 fruits


   Skills:
 - Level 2.4 Fighting
 - Level 2.4 Dodging
 * Level 4.4 Shields
 + Level 3.8 Unarmed Combat
 + Level 1.3 Hexes


You had 4 spell levels left.
You knew the following spells:

 Your Spells              Type           Power        Failure   Level  Hunger
x - Confusing Touch       Hex            #.....       86%         1    ##.....


Dungeon Overview and Level Annotations

Branches:
Dungeon (3/15)

Altars:
Elyvilon
Nemelex Xobeh
Okawaru
Sif Muna

Annotations:
D:3 Blork the orc


Innate Abilities, Weirdness & Mutations

You are too large for most types of armour.
You have claws for hands.
Your metabolism is lightning-fast.
You like to eat raw meat.
Your natural rate of healing is unusually fast.
You are covered in fur. (AC +1)
You have very tough skin. (AC +2)
You can translocate small distances at will.
Your flesh is cold resistant. (rC+)
Your system is resistant to poisons. (rPois)


Message History

You blink.
You feel slightly more hungry.
Blork the orc gestures at you while chanting.
The magic dart hits you!
You blink.
You feel slightly more hungry.
You blink.
You feel slightly more hungry.
Blork the orc casts a cantrip, but nothing happens.
You blink.
You feel slightly more hungry.
Blork the orc sings a few bars from the Orcish anthem.
You blink.
You feel slightly more hungry.
Blork the orc begins to cast a cantrip, but forgets the words!
You blink.
You feel slightly more hungry.
Blork the orc miscasts a cantrip.
You blink.
You feel slightly more hungry.
Blork the orc gestures at you while chanting.
The puff of flame hits you!
* * * LOW HITPOINT WARNING * * *
You blink.
You feel slightly more hungry.
Blork the orc gestures at you while chanting.
The magic dart hits you!
You die...

##..#
#.#####...###.....#
###.#
#.###.......##..(##
#...#
#.##....§....##.##
#.###
..#....≈≈≈....###
#.#
###...≈≈≈≈≈...##
#.# #...≈≈...≈≈...#
#)# #...§§o>.≈≈...#
#.# #§..≈≈...≈≈...#
#.# ##.@.≈≈≈≈≈...##
#.# #....≈≈≈....#
#.# ##.........##
..# ##.......## ###
###...### #._.#
#...# #####


You could see Blork the orc.

Vanquished Creatures
  Grinder (D:3)
  5 adders
  2 worms (D:2)
  3 dart slugs
  A leopard gecko (D:1)
  An orc (D:3)
  A ball python (D:1)
  4 giant cockroaches
  3 goblins
  4 hobgoblins
  4 jackals (D:2)
  7 kobolds
  A quokka (D:2)
  3 bats
  4 frilled lizards
  5 rats
49 creatures vanquished.

Notes
Turn   | Place    | Note
-------+----------+-------------------------------------------
     0 | D:1      | Grinner the Troll Fighter began the quest for the Orb.
     0 | D:1      | Reached XP level 1. HP: 22/22 MP: 0/0
   101 | D:1      | Reached XP level 2. HP: 29/29 MP: 1/1
   295 | D:1      | Reached skill level 3 in Shields
   706 | D:2      | Reached XP level 3. HP: 36/36 MP: 2/2
   725 | D:2      | Learned a level 1 spell: Confusing Touch
   947 | D:2      | Found an iron altar of Okawaru.
  1119 | D:2      | Found a sparkling altar of Nemelex Xobeh.
  1144 | D:2      | Reached XP level 4. HP: 14/44 MP: 3/3
  1761 | D:3      | Found a white marble altar of Elyvilon.
  1881 | D:3      | Noticed Grinder
  1899 | D:3      | Killed Grinder
  1899 | D:3      | Reached skill level 4 in Shields
  1899 | D:3      | Reached skill level 1 in Hexes
  1899 | D:3      | Reached XP level 5. HP: 45/50 MP: 4/4
  1899 | D:3      | Reached XP level 6. HP: 54/59 MP: 5/5
  1935 | D:3      | Noticed Blork the orc
  1936 | D:3      | Gained mutation: You can translocate small distances at will. [potion of mutation]
  1936 | D:3      | Gained mutation: Your flesh is cold resistant. (rC+) [potion of mutation]
  1936 | D:3      | Gained mutation: Your system is resistant to poisons. (rPois) [potion of mutation]
  1950 | D:3      | Found a deep blue altar of Sif Muna.
  2004 | D:3      | Killed from afar by Blork the orc

Skill      XL: |  1  2  3  4 |
---------------+-------------+-----
Shields        | 3 4 |  4.4
Unarmed Combat | 3 |  3.8
Hexes          | 1 |  1.3
Fighting       | |  2.4
Dodging        | |  2.4

Action                   |  1- 3 |  4- 6 || total
-------------------------+-------+-------++-------
Melee: Unarmed           |   127 |    31 ||   158
 Abil: Blink             |       |    21 ||    21
  Use: Potion            |     3 |     3 ||     6
       Scroll            |     1 |     2 ||     3
  Eat: Chunk             |    11 |     2 ||    13
       Bread ration      |       |     1 ||     1
Armor: Robe              |    33 |     8 ||    41
Dodge: Dodged            |    49 |     4 ||    53
Block: Shield            |    62 |    14 ||    76
